 Dungeon Crawl Stone Soup version 0.16-a0-3308-g116f5c4 (webtiles) character file.

291 PolkaDot the Caller (level 6, -1/48 HPs)
             Began as a Vampire Summoner on Dec 26, 2014.
             Killed by Freeze
             ... invoked by runewalsh's ghost
              (9 damage)
             ... on level 4 of the Dungeon.
             The game lasted 00:11:09 (3521 turns).

PolkaDot the Caller (Vampire Summoner)              Turns: 3521, Time: 00:11:09

Health: -1/48      AC:  4    Str:  7    XL:     6   Next: 10%
Magic:  7/13       EV: 12    Int: 19    God:
Gold:   143        SH:  0    Dex: 14    Spells: 4 memorised, 1 level left

rFire  . . .     SeeInvis +     a - +1 dagger (speed)
rCold  . . .     Clarity  .     i - +0 robe
rNeg   . . .     SustAb   +     (no shield)
rPois  .         Gourm    .     (no helmet)
rElec  .         Spirit   .     (no cloak)
rCorr  .         Warding  .     y - +0 pair of gloves
rMut   .         Stasis   .     x - +0 pair of boots (curse)
MR     .....                    (no amulet)
Stlth  ++........               (no ring)
                                e - ring of sustain abilities

@: very slightly contaminated, regenerating very quickly, not resistant to
hostile enchantments, unstealthy
A: bottle blood, fangs 3, see invisible, unbreathing
a: no special abilities


You were on level 4 of the Dungeon.
You were almost alive.

You visited 1 branch of the dungeon, and saw 4 of its levels.

You collected 143 gold pieces.

Inventory:

Hand weapons
 a - a +1 dagger of speed (weapon)
 b - a +2 hunting sling of flaming
Missiles
 f - 3 javelins (quivered)
 r - 113 stones
 s - 38 sling bullets
 z - a throwing net
Armour
 i - a +0 robe (worn)
 x - a cursed +0 pair of boots (worn)
 y - a +0 pair of gloves (worn)
Jewellery
 e - a ring of sustain abilities (left hand)
Magical devices
 C - a wand of cold (0)
Scrolls
 c - a scroll of blinking {unknown}
 d - a scroll of fog {unknown}
 g - 4 scrolls of identify {unknown}
 h - 2 scrolls of remove curse {unknown}
 l - a scroll of teleportation {unknown}
 m - a scroll of fear {unknown}
 o - 3 scrolls of noise {unknown}
 p - 3 scrolls of amnesia {unknown}
 t - a scroll of magic mapping {unknown}
 u - a scroll of enchant armour {unknown}
 w - a scroll of recharging {unknown}
 B - 2 scrolls of immolation {unknown}
Potions
 j - 16 potions of blood {@*1}
 k - a potion of cancellation
Books
 q - a book of Callings

   Spells                             Type                      Level
   a - Summon Small Mammal            Summoning                    1
   b - Call Imp                       Summoning                    2
   c - Call Canine Familiar           Summoning                    3
   d - Summon Guardian Golem          Hexes/Summoning              4
   e - Summon Lightning Spire         Summoning/Air                4
   f - Summon Ice Beast               Ice/Summoning                4


   Skills:
 * Level 3.8 Fighting
 - Level 2.1 Dodging
 - Level 3.0 Stealth
 - Level 3.2 Spellcasting
 + Level 5.0 Summonings


You had one spell level left.
You knew the following spells:

 Your Spells              Type           Power        Failure   Level  Hunger
d - Call Canine Familiar  Summ           ###.....     8%          3    ###....
i - Summon Ice Beast      Ice/Summ       ##......     63%         4    ####...
s - Call Imp              Summ           ###.....     3%          2    ##.....
z - Summon Small Mammal   Summ           ###.         1%          1    None


Dungeon Overview and Level Annotations

Branches:
Dungeon (4/15)
 Temple: D:4-7

Altars:
Ashenzari
Okawaru
Qazlal
Xom
Yredelemnul

Annotations:
D:4 runewalsh's ghost, experienced OpIE


Innate Abilities, Weirdness & Mutations

Your natural rate of healing is extremely fast.
You can bottle blood from corpses.
You have razor-sharp teeth.
You have supernaturally acute eyesight.
You can survive without breathing.


Message History

Casting: Call Imp
Confirm with . or Enter, or press ? or * to list all spells.
Your quokka misses runewalsh's ghost.
Your rat closely misses runewalsh's ghost.
Your white imp closely misses runewalsh's ghost.
Your crimson imp blinks!
You hit runewalsh's ghost but do no damage.
Runewalsh's ghost is severely damaged.
Your quokka closely misses runewalsh's ghost.
Your hound closely misses runewalsh's ghost.
Runewalsh's ghost hits you.
* * * LOW HITPOINT WARNING * * *
You hit runewalsh's ghost but do no damage.
Runewalsh's ghost is severely damaged.
Your white imp hits runewalsh's ghost but does no damage.
Your hound completely misses runewalsh's ghost.
Your quokka barely misses runewalsh's ghost.
Runewalsh's ghost points at you and mumbles some strange words.
You are frozen.
You die...

############
#....#.....#
#..).#.....#
#....#.....#
#....'.....#
####'#...##.##
#..#.#._.####
#....#....#
#....#.h@.#
##...#.5W##
##...#.rr##
#....+..r.#
#...>#....#
##.......##
##.......##
#...5.....#
#.........#


You could see runewalsh's ghost, a friendly hound, a friendly crimson imp, a
friendly white imp, 2 friendly quokkas and a friendly rat.

Vanquished Creatures
  A hound (D:4)
  Terence (D:2)
  4 adders
  3 gnolls (D:2)
  7 giant geckos
  An ooze (D:4)
  An orc (D:4)
  A ball python (D:3)
  3 giant cockroaches
  8 hobgoblins
  7 kobolds
  A quokka (D:3)
  7 bats
  3 giant newts
  6 goblins
  6 jackals
  A jackal skeleton (D:4)
  12 rats
73 creatures vanquished.

Vanquished Creatures (collateral kills)
  A phantom (D:4)
  A giant frog skeleton (D:4)
  2 adders (D:2)
  A worm (D:2)
  An orc (D:4)
  2 bats
  A goblin (D:1)
  2 jackals (D:1)
  2 kobolds
  2 rats (D:2)
  A butterfly (D:4)
16 creatures vanquished.

Vanquished Creatures (others)
  2 rats
2 creatures vanquished.

Grand Total: 91 creatures vanquished

Notes
Turn   | Place    | Note
--------------------------------------------------------------
     0 | D:1      | PolkaDot, the Vampire Summoner, began the quest for the Orb.
     0 | D:1      | Reached XP level 1. HP: 13/13 MP: 3/3
   166 | D:1      | Reached XP level 2. HP: 18/20 MP: 5/5
   214 | D:1      | Learned a level 2 spell: Call Imp
   223 | D:1      | Reached skill level 1 in Fighting
   785 | D:1      | Reached XP level 3. HP: 12/26 MP: 2/6
   940 | D:1      | Learned a level 3 spell: Call Canine Familiar
   968 | D:2      | Noticed Terence
   980 | D:2      | Killed Terence
  1241 | D:2      | Reached XP level 4. HP: 20/33 MP: 0/8
  2174 | D:3      | Reached XP level 5. HP: 36/39 MP: 11/11
  2185 | D:3      | Learned a level 4 spell: Summon Ice Beast
  2311 | D:3      | Found a shattered altar of Ashenzari.
  2316 | D:3      | Saw a vision of the Swamp and the Spider Nest.
  2316 | D:3      | Noticed a water moccasin
  2319 | D:3      | Noticed an alligator
  2380 | D:3      | Found an iron altar of Okawaru.
  2382 | D:3      | Found a basalt altar of Yredelemnul.
  2385 | D:3      | Found a shattered altar of Ashenzari.
  2407 | D:3      | Found a stormy altar of Qazlal.
  2947 | D:4      | Noticed a phantom
  2975 | D:4      | Killed a phantom
  3031 | D:4      | Reached skill level 5 in Summonings
  3121 | D:4      | Found a shimmering altar of Xom.
  3411 | D:4      | Reached XP level 6. HP: 28/48 MP: 4/13
  3431 | D:4      | Noticed runewalsh's ghost (experienced OpIE)
  3521 | D:4      | Killed from afar by runewalsh's ghost

Action                   |  1- 3 |  4- 6 || total
-------------------------+-------+-------++-------
Melee: Dagger            |    22 |   194 ||   216
       Unarmed           |    12 |       ||    12
       Short sword       |   114 |    72 ||   186
Throw: Javelin           |     1 |       ||     1
 Cast: Call Imp          |     7 |    17 ||    24
       Call Canine Famil |     3 |     9 ||    12
       Summon Small Mamm |     1 |     4 ||     5
Evoke: Wand              |       |     2 ||     2
  Use: Potion            |     8 |    19 ||    27
 Stab: Sleeping          |     5 |     8 ||    13
       Distracted        |     1 |       ||     1
  Eat: Corpse            |     6 |       ||     6
